 Dungeon Crawl Stone Soup version 0.23.2-40-g277498a (webtiles) character file.

Game seed: 17082406943934116481

2353 Romesagentochaos the Carver (level 9, -14/67 HPs)
             Began as a Minotaur Gladiator on Sept 14, 2019.
             Was a Follower of Nemelex Xobeh.
             Killed from afar by a deep elf knight (23 damage)
             ... with an orb of energy
             ... on level 7 of the Dungeon.
             The game lasted 00:56:21 (5217 turns).

Romesagentochaos the Carver (Minotaur Gladiator)    Turns: 5217, Time: 00:56:22

Health: -14/67     AC:  9    Str: 20      XL:     9   Next: 20%
Magic:  0/8        EV: 19    Int: 11      God:    Nemelex Xobeh [*.....]
Gold:   328        SH: 11    Dex: 17 (18) Spells: 8/8 levels left

rFire    . . .     SeeInvis .   a - +0 long sword
rCold    + . .     Gourm    .   V - +0 shield
rNeg     . . .     Faith    .   h - +1 ring mail
rPois    .         Spirit   +   c - +1 hat
rElec    .         Reflect  +   H - scarf {Spirit}
rCorr    .         Harm     .   K - +0 pair of gloves
MR       .....                  (no boots)
Stlth    ++........             A - +3 amulet of reflection
HPRegen  0.21/turn              i - ring of protection from cold
MPRegen  0.11/turn              (no ring)

@: brilliant, agile
A: retaliatory headbutt, horns 2, repulsion field 1, frail 1, sense surroundings
1, wild magic 1
a: Draw Escape, Draw Destruction, Draw Summoning, Renounce Religion


You were on level 7 of the Dungeon.
You worshipped Nemelex Xobeh.
Nemelex Xobeh was aware of your devotion.
You were not hungry.

You visited 2 branches of the dungeon, and saw 7 of its levels.

You collected 328 gold pieces.

Inventory:

Hand Weapons
 a - a +0 long sword (weapon)
 o - a +0 spear
 p - a +0 short sword
 q - a +0 hunting sling
 r - a +0 flail
 s - a +0 dagger
 w - a +0 halberd
 y - a +0 hand axe
 C - a +0 short sword
 D - a +0 flail of protection
 G - a +0 rapier
 M - a +0 shortbow of flaming
 P - a +0 club
 S - a +0 hunting sling
 T - a +0 mace
 X - a +0 blowgun
Missiles
 d - 2 throwing nets
 l - 3 silver tomahawks
 m - 38 arrows
 B - 116 stones
 N - 3 poisoned needles (quivered)
Armour
 b - a +0 leather armour
 c - a +1 hat (worn)
 h - a +1 ring mail (worn)
 u - a +0 chain mail
 F - a +0 leather armour
 H - a scarf of spirit shield (worn)
 K - a +0 pair of gloves (worn)
 L - a +0 animal skin
 R - a +0 buckler
 U - a +0 ring mail
 V - a +0 shield (worn)
Jewellery
 i - a ring of protection from cold (left hand)
 A - a +3 amulet of reflection (around neck)
Wands
 j - a wand of iceblast (11)
 t - a wand of scattershot (5)
 E - a wand of flame (36)
 Y - a wand of polymorph (5)
Scrolls
 e - 2 scrolls of amnesia
 g - 2 scrolls of fear
 n - a scroll of magic mapping
 z - 2 scrolls of blinking
 I - 2 scrolls of teleportation
Potions
 k - 2 potions of flight
 v - a potion of agility
 J - a potion of haste {unknown}
 O - 2 potions of curing {unknown}
 Q - a potion of invisibility
Comestibles
 f - 8 rations
 W - 2 chunks of flesh


   Skills:
 + Level 5.9 Fighting
 + Level 10.2 Long Blades
 + Level 4.4 Throwing
 + Level 5.6 Armour
 + Level 5.8 Dodging
 + Level 1.4 Stealth
 + Level 1.2 Shields
 + Level 0.9 Evocations


You had 8 spell levels left.
You didn't know any spells.
Your spell library contained the following spells:

 Spells                   Type           Power        Failure   Level  Hunger
 Animate Skeleton         Necr           N/A          36%         1    ##.....
 Apportation              Tloc           #.....       36%         1    ##.....
 Confusing Touch          Hex            #.....       36%         1    ##.....
 Summon Small Mammal      Summ           #...         36%         1    ##.....
 Call Imp                 Summ           #.......     47%         2    ###....
 Call Canine Familiar     Summ           #.......     67%         3    ####...
 Summon Guardian Golem    Hex/Summ       #.......     67%         3    ####...
 Summon Ice Beast         Ice/Summ       #.......     94%         4    #####..
 Summon Lightning Spire   Summ/Air       #.......     94%         4    #####..


Dungeon Overview and Level Annotations

Branches:
Dungeon (7/15)             Temple (1/1) D:5

Altars:
Ashenzari
Cheibriados
Dithmenos
Elyvilon
Gozag
Kikubaaqudgha
Makhleb
Nemelex Xobeh
Qazlal
Ru
Trog
Uskayaw
Vehumet
Wu Jian
Yredelemnul
Zin

Annotations:
D:7 1 transporter


Innate Abilities, Weirdness & Mutations

You reflexively headbutt those who attack you in melee.
You have a pair of horns on your head.
You are surrounded by a mild repulsion field. (EV +2)
You are frail. (-10% HP)
You passively map a small area around you.
Your spells are a little harder to cast, but a little more powerful.


Message History

You toss away a poisoned needle.
The poisoned needle hits the kobold demonologist!
Your hell hound closely misses the quasit.
The quasit completely misses you. The quasit closely misses you.
The quasit misses you.
Your hell hound closely misses the quasit.
Tossing away (i - inventory. (/) - cycle)
N - 4 poisoned needles (quivered)
Press: ? - help, Shift-Dir - straight line, f/p - kobold demonologist
Aim: a kobold demonologist, wielding a +0 dagger and wearing a +0 robe You toss away a poisoned needle.
The poisoned needle barely misses the kobold demonologist.
The deep elf knight is no longer more vulnerable to poison.
Your hell hound bites the quasit.
You block the quasit's attack. The quasit claws you.
You feel clumsy. You block the quasit's attack.
Your hell hound misses the quasit.
The deep elf knight casts a spell at you.
The orb of energy hits you!!
You die...
Your body glows slightly and disappears.

#.......# ##....# ### ........#
###########.....#####.. #.......#
#...............†...... #..[....#
#.###############.###.# #.......#
#.#8P#))....!#≈8#.# #.#
####.######.#P.#≈≈≈≈≈≈≈#.P#.# #.#
............#..#..≈≈≈..#($#......
.###.##.#..©#©.'.h≈⌠≈..'.©#©..###
.# #.##.##..#..#@5≈≈≈..#($#..## #
.# #.##.###.#P.#≈≈≈≈≈≈≈#.P#.##
.###.##.# #.#8P#e(..K..# ,
..##<##.# #.############ ,*
...#.##.###............. ,*##
........................ ..
<.......#####....####..? ,,*##
#.##.####........# #.. * ####.#
#(###.##.#


You could see a deep elf knight, a kobold demonologist, a quasit and a friendly
hell hound.

Vanquished Creatures
  Grinder (D:4)
  A hornet (D:7)
  2 sky beasts (D:5)
  A phantom (D:6)
  3 ogres
  A centaur (D:6)
  A big kobold (D:7)
  A gnoll sergeant (D:7)
  A bullfrog (D:7)
  2 scorpions
  A howler monkey (D:6)
  A bullfrog zombie (D:6)
  2 crimson imps
  2 hounds
  A bullfrog skeleton (D:4)
  2 orc priests
  A centaur skeleton (D:6)
  Ijyb (D:4)
  3 orc wizards (D:5)
  6 worker ants
  A hound skeleton (D:5)
  2 worker ant zombies (D:5)
  Robin (D:4)
  5 gnolls
  5 adders
  A shadow imp (D:5)
  2 adder skeletons
  A worm (D:5)
  3 dart slugs
  3 leopard geckos
  13 orcs
  A ball python (D:2)
  5 giant cockroaches
  18 goblins
  7 hobgoblins
  5 jackals
  3 quokkas
  6 bats
  6 frilled lizards
  8 kobolds
  A leopard gecko skeleton (D:5)
  A leopard gecko zombie (D:6)
  3 rats
135 creatures vanquished.

Vanquished Creatures (collateral kills)
  A kobold demonologist (D:7)
  An orc priest (D:7)
  2 shadow imps (D:7)
4 creatures vanquished.

Vanquished Creatures (others)
  An orc priest (D:7)
  A shadow imp (D:7)
2 creatures vanquished.

Grand Total: 141 creatures vanquished

Notes
Turn   | Place    | Note
-------+----------+-------------------------------------------
     0 | D:1      | Romesagentochaos the Minotaur Gladiator began the quest for
                  | the Orb.
     0 | D:1      | Reached XP level 1. HP: 18/18 MP: 0/0
    42 | D:1      | Reached XP level 2. HP: 10/25 MP: 1/1
    49 | D:1      | Reached skill level 4 in Long Blades
   369 | D:1      | Reached XP level 3. HP: 25/30 MP: 2/2
   717 | D:1      | Reached skill level 1 in Armour
  1156 | D:2      | Found an ancient bone altar of Kikubaaqudgha.
  1194 | D:2      | Reached XP level 4. HP: 37/37 MP: 3/3
  1259 | D:2      | Gained mutation: You passively map a small area around you.
                  | [potion of mutation]
  1259 | D:2      | Gained mutation: You are frail. (-10% HP) [potion of
                  | mutation]
  1259 | D:2      | Gained mutation: You are surrounded by a mild repulsion
                  | field. (EV +2) [potion of mutation]
  1259 | D:2      | Gained mutation: Your spells are a little harder to cast,
                  | but a little more powerful. [potion of mutation]
  1306 | D:2      | Reached skill level 5 in Long Blades
  1486 | D:2      | You fall through a shaft for 2 floors!
  1493 | D:4      | Noticed Grinder
  1494 | D:4      | Paralysed by Grinder for 6 turns
  1513 | D:4      | Killed Grinder
  1513 | D:4      | Reached skill level 6 in Long Blades
  1513 | D:4      | Reached XP level 5. HP: 30/40 MP: 4/4
  1513 | D:4      | Reached XP level 6. HP: 34/45 MP: 5/5
  1631 | D:4      | Noticed Ijyb
  1639 | D:4      | Killed Ijyb
  1781 | D:4      | Reached skill level 1 in Stealth
  1837 | D:4      | Reached skill level 7 in Long Blades
  1895 | D:4      | Noticed Robin
  1903 | D:4      | Reached XP level 7. HP: 48/51 MP: 6/6
  1907 | D:4      | Killed Robin
  2316 | D:5      | Entered Level 5 of the Dungeon
  2466 | D:5      | Found an opulent altar of Gozag.
  2535 | D:5      | Found a staircase to the Ecumenical Temple.
  3331 | D:5      | Reached skill level 8 in Long Blades
  3348 | Temple   | Entered the Ecumenical Temple
  3464 | Temple   | Became a worshipper of Nemelex Xobeh the Trickster
  3601 | D:5      | Received a gift from Nemelex Xobeh
  3756 | D:6      | Reached XP level 8. HP: 48/60 MP: 5/7
  3853 | D:6      | Found a burning altar of Makhleb.
  4199 | D:6      | Reached * piety under Nemelex Xobeh
  4247 | D:6      | Reached skill level 9 in Long Blades
  4247 | D:6      | Reached skill level 5 in Dodging
  4295 | D:6      | Received a gift from Nemelex Xobeh
  4377 | D:6      | Found a bloodstained altar of Trog.
  4397 | D:6      | Reached skill level 5 in Fighting
  4559 | D:6      | Reached skill level 5 in Armour
  4601 | D:7      | Found a transporter.
  4601 | D:7      | Noticed a deep elf knight
  4603 | D:7      | Noticed a kobold demonologist
  4713 | D:7      | Found a transporter.
  4714 | D:7      | Noticed a kobold demonologist
  5062 | D:7      | Noticed a hornet
  5074 | D:7      | Killed a hornet
  5074 | D:7      | Reached XP level 9. HP: 35/67 MP: 6/8
  5103 | D:7      | Received a gift from Nemelex Xobeh
  5170 | D:7      | Reached skill level 10 in Long Blades
  5172 | D:7      | Noticed an ice devil
  5175 | D:7      | Noticed an ice devil
  5194 | D:7      | Noticed an orange demon
  5206 | D:7      | Killed a kobold demonologist
  5206 | D:7      | Reached skill level 1 in Shields
  5217 | D:7      | Killed from afar by a deep elf knight

Skill      XL: |  1  2  3  4  5  6  7  8  9 |
---------------+----------------------------+-----
Long Blades    | 4 6 7 8 9 10 | 10.2
Armour         | 1 2 3 4 5 |  5.6
Fighting       | 3 4 5 |  5.9
Dodging        | 4 5 |  5.8
Stealth        | 1 |  1.4
Throwing       | 3 4 |  4.4
Shields        | 1 |  1.2
Evocations     | |  0.9

Action                   |  1- 3 |  4- 6 |  7- 9 || total
-------------------------+-------+-------+-------++-------
Melee: Long sword        |    82 |    57 |   199 ||   338
       Headbutt          |    14 |    18 |    47 ||    79
Throw: Javelin           |       |    18 |    23 ||    41
       Throwing net      |       |       |     2 ||     2
 Abil: Draw Destruction  |       |       |     6 ||     6
       Draw Escape       |       |       |     1 ||     1
       Draw Summoning    |       |       |     3 ||     3
Evoke: Wand              |       |       |     7 ||     7
  Use: Scroll            |     2 |       |     8 ||    10
       Potion            |       |     2 |     5 ||     7
 Stab: Distracted        |       |       |     1 ||     1
  Eat: Ration            |     1 |       |     2 ||     3
       Chunk             |       |       |     4 ||     4
Armor: Leather armour    |    10 |       |       ||    10
       Ring mail         |    15 |    19 |    56 ||    90
Dodge: Dodged            |    67 |    48 |   138 ||   253
Block: Shield            |       |       |    29 ||    29
       Buckler           |       |       |     5 ||     5
       Other             |       |       |     3 ||     3
       Reflection        |       |       |     3 ||     3
       Rpst.: Long sword |    22 |    11 |    44 ||    77
